 Dungeon Crawl Stone Soup version 0.31-a0-221-gbddc013574 (webtiles) character file.

Game seed: 9407264118532010146

2426 qw the Skirmisher (level 9, -1/69 (79) HPs)
             Began as a Minotaur Hexslinger on July 4, 2023.
             Was a Believer of Okawaru.
             Slain by a wight
             ... wielding a +3 trident
              (3 damage)
             ... on level 7 of the Dungeon.
             The game lasted 00:02:08 (5143 turns).

qw the Skirmisher (Minotaur Hexslinger)             Turns: 5143, Time: 00:02:08

HP:   -1/69 (79)    AC:  7    Str: 13    XL:     9   Next: 24%
MP:   10/11         EV: 22    Int: 10    God:    Okawaru [**....]
Gold: 484           SH:  0    Dex: 17    Spells: 9/10 levels left

rFire   . . .        Y - +0 longbow (flame)
rCold   . . .        (shield currently unavailable)
rNeg    . . .        t - +2 leather armour "Enadabof" {SInv}
rPois   .            (helmet restricted)
rElec   .            (no cloak)
rCorr   .            (no gloves)
SInv    +            i - +0 pair of boots
Will    .....        l - amulet of faith
Stlth   +++          g - +5 ring of evasion
HPRegen 0.31/turn    (no ring)
MPRegen 0.12/turn

%: faith
@: heroic, heavily drained
A: horns 2, retaliatory headbutt
a: Renounce Religion, Heroism


You were on level 7 of the Dungeon.
You worshipped Okawaru.
Okawaru was pleased with you.
You visited 2 branches of the dungeon, and saw 8 of its levels.

You collected 484 gold pieces.


Innate Abilities, Weirdness & Mutations

You have a pair of horns on your head.
You reflexively headbutt those who attack you in melee.


   Skills:
 - Level 7.1(12.1) Fighting
 + Level 10.0(15.0) Ranged Weapons
 - Level 3.3(8.3) Armour
 - Level 4.3(9.3) Dodging
 - Level 1.0 Spellcasting
 - Level 2.0 Hexes
 - Level 4.1 Invocations


You had 9 spell levels left.
You knew the following spells:

 Your Spells              Type           Power      Damage    Failure   Level
a - Slow                  Hex            16%        N/A       19%         1

Your spell library contained the following spells:

 Spells                   Type           Power      Damage    Failure   Level
 Inner Flame              Hex/Fire       2%         N/A       63%         3
 Portal Projectile        Hex/Tloc       4%         N/A       63%         3
 Cause Fear               Hex            2%         N/A       88%         4

Inventory:

Hand Weapons
 Y - a +0 longbow of flaming (weapon)
Armour
 i - a +0 pair of boots (worn)
 t - the +2 leather armour "Enadabof" (worn) {SInv}
   (You found it on level 5 of the Dungeon)

   SInv:      It lets you see invisible.
Jewellery
 a - an amulet of magic regeneration
 g - a +5 ring of evasion (left hand)
 l - an amulet of faith (around neck)
Scrolls
 m - a scroll of identify
Potions
 b - 2 potions of curing
 c - a potion of mutation
 e - a potion of cancellation {unknown}
 h - a potion of heal wounds {unknown}
 j - a potion of enlightenment
 k - a potion of magic {unknown}
 n - a potion of resistance {unknown}
 o - a potion of invisibility {unknown}
 p - a potion of haste
 q - a potion of berserk rage {unknown}
 r - a potion of ambrosia {unknown}
 s - a potion of degeneration {unknown}

Dungeon Overview and Level Annotations

Branches:
Dungeon (7/15)             Temple (1/1) D:5

Altars:
Ashenzari
Cheibriados
Dithmenos
Elyvilon
Fedhas
Gozag
Hepliaklqana
Kikubaaqudgha
Makhleb
Nemelex Xobeh
Okawaru
Qazlal
Ru
Sif Muna
Trog
Uskayaw
Wu Jian
Yredelemnul
Zin
The Shining One

Annotations:
D:4 1 runed translucent door, Crazy Yiuf


Message History

You shoot an arrow.
The arrow hits the wight but does no damage.
The wight is almost destroyed.
You shoot an arrow. The arrow hits the wight!
The arrow burns the wight.
You destroy the wight!
Okawaru accepts your kill. The wight barely misses you.
The wight hits you but does no damage.
You shoot an arrow. The arrow closely misses the wight.
The wight hits you from afar with a +3 trident.
The wight misses you.
You shoot an arrow. The arrow hits the wight!
The arrow burns the wight.
The wight is almost destroyed.
The wight hits you from afar with a +3 trident.
You feel drained.
The wight hits you with a +1 long sword.
You feel drained.
You shoot an arrow. The arrow hits the wight.
The arrow burns the wight.
You destroy the wight!
Okawaru accepts your kill. The wight barely misses you.
Your base Fighting skill increases to level 7!
You shoot an arrow.
The arrow hits the wight but does no damage.
The wight hits you from afar with a +3 trident.
You feel drained.
You shoot an arrow. The arrow hits the wight.
The arrow burns the wight.
The wight is lightly damaged.
The wight hits you from afar with a +3 trident.
You feel drained.
You shoot an arrow.
The arrow hits the wight but does no damage.
The wight is lightly damaged.
The wight misses you.
You shoot an arrow. The arrow hits the wight!
The arrow burns the wight.
The wight is severely damaged.
The wight misses you.
You shoot an arrow. The arrow barely misses the wight.
The wight hits you from afar with a +3 trident.
You feel drained.
You die...

###........#.# #.......#
.)..########.# ##......#
.#### #.# #.)...#.#### ##
#######.####)..###....#
................).........##
###########.###)).#########
# #. #.#.##..# #. #......#
#. #)@..### #. #)))## ..
...z.# ..###...# #..## ....
... >.... ... ..... .#


You could see a wight.

Vanquished Creatures
  A komodo dragon (D:6)
  A wyvern (D:7)
  A steam dragon (D:6)
  An orc warrior (D:7)
  2 black bears
  An ice beast (D:6)
  4 ogres
  2 kobold brigands
  A bullfrog (D:7)
  2 scorpions (D:6)
  4 wights (D:7)
  2 howler monkeys (D:7)
  A gnoll bouda (D:6)
  2 jellies
  3 orc priests
  2 sleepcaps
  An orc wizard (D:6)
  2 iguanas
  Robin (D:4)
  7 gnolls
  5 adders
  A white imp (D:7)
  2 ufetubi
  3 worms
  2 dart slugs
  22 orcs
  5 ball pythons
  4 bats
  3 endoplasms
  4 giant cockroaches
  12 goblins
  15 hobgoblins
  15 kobolds
  4 quokkas
  2 frilled lizards
  3 rats
143 creatures vanquished.

Notes
Turn   | Place    | Note
-------+----------+-------------------------------------------
     0 | D:1      | qw the Minotaur Hexslinger began the quest for the Orb.
     0 | D:1      | Reached XP level 1. HP: 16/16 MP: 1/1
     0 | D:1      | 0 ||| qw: Version: 0.3-a-41-g9d075ac
     0 | D:1      | 0 ||| qw: Game counter: 749
     0 | D:1      | 0 ||| qw: Melee chars always use a shield: true
     0 | D:1      | 0 ||| qw: God list: Okawaru
     0 | D:1      | 0 ||| qw: Allow faded altars: false
     0 | D:1      | 0 ||| qw: Do Orc after clearing Dungeon:15 true
     0 | D:1      | 0 ||| qw: Do second Lair branch before Depths: true
     0 | D:1      | 0 ||| qw: Lair rune preference: random
     0 | D:1      | 0 ||| qw: Goals: Normal
     0 | D:1      | 0 ||| PLANNING D:1-11
    14 | D:1      | 14 ||| FLEEEEING.
    15 | D:1      | 15 ||| FLEEEEING.
    16 | D:1      | 16 ||| FLEEEEING.
    17 | D:1      | 17 ||| FLEEEEING.
   188 | D:1      | Reached skill level 3 in Ranged Weapons
   188 | D:1      | Reached XP level 2. HP: 23/23 MP: 2/2
   441 | D:1      | 441 ||| UPGRADING to +0 pair of boots.
   446 | D:1      | 446 ||| READING scroll labelled PAYROV OWYIR.
   447 | D:1      | 447 ||| READING scroll labelled ECISSO VECKYDGH.
   448 | D:1      | 448 ||| READING scroll labelled POEKICVOKHA.
   449 | D:1      | 449 ||| READING scroll labelled OBREIRI LEUXONN.
   450 | D:1      | 450 ||| DROPPING scroll of poison.
   663 | D:2      | Reached XP level 3. HP: 27/29 MP: 3/3
   997 | D:2      | Found a faded altar of an unknown god.
  1281 | D:2      | 1281 ||| UPGRADING to +0 leather armour.
  1291 | D:2      | 1291 ||| DROPPING +0 robe.
  1292 | D:2      | 1292 ||| UPGRADING to +5 ring of evasion.
  1293 | D:2      | 1293 ||| READING 3 scrolls labelled JIVEZIE ENOI.
  1294 | D:2      | 1294 ||| READING scroll labelled VIOKHLI DOHOLI.
  1295 | D:2      | 1295 ||| READING scroll labelled SUGAUD ALAT.
  1296 | D:2      | 1296 ||| DRINKING 3 yellow potions.
  1297 | D:2      | 1297 ||| DROPPING 2 scrolls of immolation.
  1298 | D:2      | 1298 ||| DROPPING 2 potions of brilliance.
  1392 | D:3      | Reached skill level 4 in Ranged Weapons
  1479 | D:3      | Reached XP level 4. HP: 21/36 MP: 4/4
  1482 | D:3      | 1482 ||| FLEEEEING.
  1483 | D:3      | 1483 ||| FLEEEEING.
  1485 | D:3      | 1485 ||| FLEEEEING.
  1499 | D:3      | 1499 ||| FLEEEEING.
  1500 | D:3      | 1500 ||| FLEEEEING.
  1713 | D:3      | Reached skill level 5 in Ranged Weapons
  2295 | D:3      | 2295 ||| UPGRADING to +0 ring mail.
  2305 | D:3      | 2305 ||| DROPPING +0 leather armour.
  2306 | D:3      | 2306 ||| DRINKING 2 pink potions.
  2358 | D:4      | Noticed an ogre
  2362 | D:4      | 2362 ||| STAIRDANCE
  2378 | D:4      | 2378 ||| STAIRDANCE
  2381 | D:3      | Killed an ogre
  2382 | D:3      | Reached skill level 3 in Armour
  2382 | D:3      | Reached XP level 5. HP: 28/42 MP: 5/5
  2510 | D:4      | Noticed Robin
  2520 | D:4      | Reached skill level 3 in Fighting
  2526 | D:4      | Killed Robin
  2597 | D:4      | Reached XP level 6. HP: 33/51 MP: 6/6
  2814 | D:4      | Found a runed translucent door.
  2815 | D:4      | Noticed Crazy Yiuf
  3012 | D:4      | 3012 ||| UPGRADING to amulet of guardian spirit.
  3017 | D:4      | 3017 ||| UPGRADING to amulet of faith.
  3027 | D:4      | 3027 ||| DROPPING amulet of guardian spirit.
  3028 | D:4      | 3028 ||| DROPPING ring of flight.
  3029 | D:4      | 3029 ||| READING scroll labelled FURCHI OTUEHAR.
  3029 | D:4      | Identified a scroll of acquirement
  3029 | D:4      | 3029 ||| ACQUIRING +0 longbow of flaming
  3029 | D:4      | Acquired a +0 longbow of flaming
  3031 | D:4      | 3031 ||| SWAPPING to +0 longbow of flaming.
  3032 | D:4      | 3032 ||| DROPPING +2 sling.
  3033 | D:4      | 3033 ||| DRINKING 2 glowing purple potions.
  3034 | D:4      | 3034 ||| DRINKING 2 sapphire potions.
  3035 | D:4      | 3035 ||| READING 2 scrolls of identify.
  3035 | D:4      | 3035 ||| IDENTIFYING viscous silvery potion
  3079 | D:5      | Entered Level 5 of the Dungeon
  3152 | D:5      | Reached skill level 6 in Ranged Weapons
  3239 | D:5      | HP: 8/51 [ogre/+0 giant club (22)]
  3442 | D:5      | Found a staircase to the Ecumenical Temple.
  3443 | D:5      | 3443 ||| PLANNING TEMPLE
  3451 | Temple   | Entered the Ecumenical Temple
  3452 | Temple   | 3452 ||| PLANNING OKAWARU WORSHIP
  3458 | Temple   | Became a worshipper of Warmaster Okawaru
  3459 | Temple   | 3459 ||| PLANNING D:1-11
  3476 | D:5      | Reached XP level 7. HP: 60/60 MP: 7/7
  3609 | D:5      | Identified the +2 leather armour "Enadabof" {SInv}
  3683 | D:5      | Reached skill level 7 in Ranged Weapons
  3876 | D:5      | 3876 ||| UPGRADING to +2 leather armour "Enadabof" {SInv}.
  3886 | D:5      | 3886 ||| DROPPING +0 ring mail.
  3916 | D:6      | Found a hide-covered altar of Uskayaw.
  3924 | D:6      | Noticed a +0 dagger
  3924 | D:6      | Noticed a +0 dagger
  3931 | D:6      | 3931 ||| Stepping ~*~*~tactically~*~*~ (outnumbered).
  3937 | D:6      | Reached * piety under Okawaru
  3938 | D:6      | Reached skill level 8 in Ranged Weapons
  3942 | D:6      | Noticed a komodo dragon
  4055 | D:6      | 4055 ||| INVOKING Heroism.
  4065 | D:6      | 4065 ||| INVOKING Heroism.
  4074 | D:6      | Reached skill level 1 in Invocations
  4255 | D:6      | Found a glowing silver altar of Zin.
  4262 | D:6      | 4262 ||| INVOKING Heroism.
  4276 | D:6      | 4276 ||| FLEEEEING.
  4277 | D:6      | 4277 ||| FLEEEEING.
  4278 | D:6      | 4278 ||| FLEEEEING.
  4279 | D:6      | 4279 ||| FLEEEEING.
  4289 | D:6      | Reached skill level 3 in Dodging
  4289 | D:6      | Reached XP level 8. HP: 51/68 MP: 8/8
  4364 | D:6      | 4364 ||| INVOKING Heroism.
  4365 | D:6      | 4365 ||| INVOKING Heroism.
  4393 | D:6      | Found a hazy altar of Hepliaklqana.
  4443 | D:6      | 4443 ||| INVOKING Heroism.
  4446 | D:6      | Reached skill level 9 in Ranged Weapons
  4841 | D:6      | 4841 ||| INVOKING Heroism.
  4844 | D:6      | Killed a komodo dragon
  4845 | D:6      | Reached skill level 6 in Fighting
  4845 | D:6      | Reached skill level 3 in Invocations
  4865 | D:6      | 4865 ||| READING scroll labelled VESCHO MEWO.
  4866 | D:6      | 4866 ||| READING scroll labelled HYCVAE XIHEITI.
  4867 | D:6      | 4867 ||| READING 2 scrolls of identify.
  4867 | D:6      | 4867 ||| IDENTIFYING blue potion
  4868 | D:6      | 4868 ||| DROPPING potion of attraction.
  4955 | D:7      | Reached ** piety under Okawaru
  5002 | D:7      | 5002 ||| INVOKING Heroism.
  5008 | D:7      | Reached XP level 9. HP: 75/75 MP: 8/11
  5055 | D:7      | 5055 ||| INVOKING Heroism.
  5067 | D:7      | Reached skill level 10 in Ranged Weapons
  5128 | D:7      | 5128 ||| INVOKING Heroism.
  5137 | D:7      | HP: 18/72 [wight/+1 long sword (2)]
  5140 | D:7      | HP: 8/73 [wight/+3 trident (5)]
  5143 | D:7      | HP: 2/71 [wight/+3 trident (6)]
  5143 | D:7      | Slain by a wight

Levels and vault maps discovered:
D:1:      mrwooster_arrival_statue, layout_rooms
D:2:      layout_basic, shapermc_ecumenical_altar_petra,
          minmay_misc_feat_nine_boxes, amcnicky_mini_corridor_feature
D:3:      layout_basic, mrwooster_statue_mirror, chequers_decorated_corner
D:4:      layout_gridville, minmay_hedge_maze, uniq_crazy_yiuf_cottage,
          uniq_robin
D:5:      layout_loops_ring, minmay_temple_entry_offerings,
          minmay_misc_feat_secret_circle
D:6:      layout_basic, dancing_weapons_uskayaw,
          mainiacjoe_overflow_surrounded_room, nicolae_hepliaklqana_hazy_memory,
          chequers_jeans, minmay_manual_moon
D:7:      layout_rooms, doesnt_xom_only_xom, uniq_maggie
Temple:   sentei_temple_godly_chess

Skill      XL: |  1  2  3  4  5  6  7  8  9 |
---------------+----------------------------+-----
Ranged Weapons | 3 4 5 6 8 9 10 | 10.0
Fighting       | 2 3 4 5 6 7 |  7.1
Armour         | 3 |  3.3
Invocations    | 1 4 |  4.1
Dodging        | 3 4 |  4.3
Spellcasting   | |  1.0
Hexes          | |  2.0

Action                     |  1- 3 |  4- 6 |  7- 9 || total
---------------------------+-------+-------+-------++-------
   Fire: Sling             |    96 |   123 |       ||   219
         Longbow           |       |    25 |   173 ||   198
 Invoke: Heroism           |       |       |     9 ||     9
    Use: Scroll            |     7 |     2 |     3 ||    12
         Potion            |     1 |     3 |       ||     4
 Armour: Robe              |     2 |       |       ||     2
         Leather armour    |     1 |     4 |     9 ||    14
         Ring mail         |       |     4 |     3 ||     7
  Dodge: Dodged            |     8 |    52 |    86 ||   146

Table legend:
 A = Non-vault XP
 B = Vault XP
 C = Vault XP percentage of total XP
 D = Non-vault monster count
 E = Vault monster count
 F = Vault count percentage of total count
                 A         B        C        D         E       F
            +---------+---------+-------+---------+---------+-------
      Total |    3018 |     449 |  13.0 |     129 |      14 |   9.8
            +---------+---------+-------+---------+---------+-------
        D:1 |      24 |       0 |   0.0 |      12 |       0 |   0.0
        D:2 |      30 |       0 |   0.0 |      15 |       0 |   0.0
        D:3 |     243 |       0 |   0.0 |      28 |       0 |   0.0
        D:4 |      70 |      34 |  32.7 |       9 |      11 |  55.0
        D:5 |     532 |       0 |   0.0 |      10 |       0 |   0.0
        D:6 |    1057 |     415 |  28.2 |      27 |       3 |  10.0
        D:7 |    1062 |       0 |   0.0 |      28 |       0 |   0.0
            +---------+---------+-------+---------+---------+-------
